 Dungeon Crawl Stone Soup version 0.26-a0-190-g75a3d40d47 (console) character file.

Game seed: 1198851668334861677

205 bli the Shield-Bearer (level 5, -1/46 HPs)
             Began as a Draconian Fighter on July 4, 2020.
             Slain by a gnoll
             ... wielding a +0 halberd
              (5 damage)
             ... on level 3 of the Dungeon.
             The game lasted 00:06:22 (1750 turns).

bli the Shield-Bearer (Draconian Fighter)           Turns: 1750, Time: 00:06:22

Health: -1/46      AC:  5    Str: 18    XL:     5   Next: 52%
Magic:  5/5        EV: 11    Int:  9    God:
Gold:   64         SH:  9    Dex: 11    Spells: 4/4 levels left

rFire    . . .     SeeInvis .   a - +1 long sword
rCold    . . .     Faith    .   b - +0 kite shield
rNeg     . . .     Spirit   .   (armour unavailable)
rPois    .         Reflect  .   (helmet restricted)
rElec    .         Harm     .   (no cloak)
rCorr    .                      (no gloves)
MR       .....                  (no boots)
Stlth    +.........             (no amulet)
HPRegen  0.15/turn              (no ring)
MPRegen  0.09/turn              (no ring)

@: mighty
A: unfitting armour, cold-blooded, AC +5
a: no special abilities


You were on level 3 of the Dungeon.
You were not hungry.

You visited 1 branch of the dungeon, and saw 3 of its levels.

You collected 64 gold pieces.

Inventory:

Hand Weapons
 a - a +1 long sword (weapon)
Missiles
 g - 71 stones (quivered)
Armour
 b - a +0 kite shield (worn)
Jewellery
 i - an uncursed ring of fire
Scrolls
 e - 3 scrolls of remove curse
 k - 2 scrolls of teleportation {unknown}
 l - 2 scrolls of identify {unknown}
Comestibles
 d - 6 rations
 f - 2 chunks of flesh


   Skills:
 + Level 3.7 Fighting
 + Level 3.2 Long Blades
 * Level 3.8 Dodging
 * Level 4.5 Shields


You had 4 spell levels left.
You didn't know any spells.
Your spell library was empty.

Dungeon Overview and Level Annotations

Branches:
Dungeon (3/15)

Altars:
Zin


Innate Abilities, Weirdness & Mutations

Your plain brown scales are hard. (AC +5)
You cannot fit into any form of body armour.
You are cold-blooded and may be slowed by cold attacks.


Message History

* * * LOW HITPOINT WARNING * * *
Throwing (i - inventory)
g - 74 stones (quivered)
Press: ? - help, Shift-Dir - straight line, f/p - gnoll
Aim: a gnoll, wielding a +0 halberd (heavily wounded)
You throw a stone. The stone closely misses the gnoll.
You block the gnoll's attack.
Throwing (i - inventory)
g - 73 stones (quivered)
Press: ? - help, Shift-Dir - straight line, f/p - gnoll
Aim: a gnoll, wielding a +0 halberd (heavily wounded)
You throw a stone.
The stone hits the gnoll but does no damage.
The gnoll is heavily wounded.
You block the gnoll's attack.
Throwing (i - inventory)
g - 72 stones (quivered)
Press: ? - help, Shift-Dir - straight line, f/p - gnoll
Aim: a gnoll, wielding a +0 halberd (heavily wounded)
You throw a stone.
The stone hits the gnoll but does no damage.
The gnoll is heavily wounded.
The gnoll hits you from afar with a +0 halberd.
You die...

%..... ##.
..... .) ....
.# ... #.# ..
..# .#.%####
#))g...# #@#
###)#
######...#
#........# .
#........##..
#.>......#...
#..........#
#.........#..
#........#...
#...รท....#...
#.[......# ..


You could see a gnoll.

Vanquished Creatures
  A gnoll shaman (D:3)
  A worker ant (D:2)
  A gnoll (D:3)
  7 adders
  2 worms (D:2)
  A dart slug (D:2)
  A ball python (D:2)
  10 bats
  3 giant cockroaches
  9 goblins
  7 hobgoblins
  9 jackals (D:2)
  A quokka (D:2)
  6 frilled lizards
  4 kobolds
  7 rats
70 creatures vanquished.

Notes
Turn   | Place    | Note
-------+----------+-------------------------------------------
     0 | D:1      | bli the Draconian Fighter began the quest for the Orb.
     0 | D:1      | Reached XP level 1. HP: 19/19 MP: 1/1
   161 | D:1      | Reached XP level 2. HP: 21/26 MP: 2/2
   214 | D:1      | You fall into a shaft and drop 1 floor!
   647 | D:1      | Reached XP level 3. HP: 31/31 MP: 3/3
   960 | D:2      | Reached XP level 4. HP: 22/39 MP: 4/4
  1201 | D:2      | Reached skill level 4 in Shields
  1275 | D:2      | Found a glowing silver altar of Zin.
  1533 | D:2      | Reached XP level 5. HP: 46/46 MP: 5/5
  1750 | D:3      | Slain by a gnoll

Illustrated notes

Levels and vault maps discovered:
D:1:      sevenhm_arrival_forest_fort_large_1, layout_loops_ring
D:2:      minmay_chambers_of_twos, layout_basic, zin_academy
D:3:      layout_rooms, grunt_temple_overflow_open, first_ration,
          minmay_increasing_density

Skill      XL: |  1  2  3  4 |
---------------+-------------+-----
Dodging        | 3 |  3.8
Shields        | 4 |  4.5
Long Blades    | 3 |  3.2
Fighting       | |  3.7

Action                   |  1- 3 |  4- 6 || total
-------------------------+-------+-------++-------
Melee: Long sword        |   101 |   111 ||   212
       Tailslap          |     6 |    12 ||    18
Throw: Stone             |       |    33 ||    33
  Use: Scroll            |     1 |     2 ||     3
       Potion            |       |     2 ||     2
 Stab: Sleeping          |     1 |       ||     1
  Eat: Chunk             |       |     3 ||     3
Armor: Skin              |    47 |    41 ||    88
Dodge: Dodged            |    49 |    63 ||   112
Block: Kite shield       |    57 |    87 ||   144
       Rpst.: Long sword |    19 |    22 ||    41

Table legend:
 A = Non-vault XP
 B = Vault XP
 C = Vault XP percentage of total XP
 D = Non-vault monster count
 E = Vault monster count
 F = Vault count percentage of total count
                 A         B        C        D         E       F
            +---------+---------+-------+---------+---------+-------
      Total |     240 |      53 |  18.1 |      59 |      11 |  15.7
            +---------+---------+-------+---------+---------+-------
        D:1 |      41 |       3 |   6.8 |      25 |       3 |  10.7
        D:2 |     125 |      50 |  28.6 |      29 |       8 |  21.6
        D:3 |      74 |       0 |   0.0 |       5 |       0 |   0.0
            +---------+---------+-------+---------+---------+-------
